 Dungeon Crawl Stone Soup version 0.26.1-10-gdfb7c7de75 (webtiles) character file.

Game seed: 17136441785488626399

723 Almogavar the Slasher (level 7, -6/91 HPs)
             Began as a Minotaur Berserker on Apr 5, 2021.
             Was a Priest of Trog.
             Mangled by an orc warrior
             ... wielding a +0 glaive
              (27 damage)
             ... on level 6 of the Dungeon.
             The game lasted 00:09:20 (5490 turns).

Almogavar the Slasher (Minotaur Berserker)          Turns: 5490, Time: 00:09:21

Health: -6/91      AC: 15    Str: 29    XL:     7   Next: 43%
Magic:  6/6        EV: 12    Int:  7    God:    Trog [***...]
Gold:   438        SH:  0    Dex: 10    Spells: 6/6 levels left

rFire    . . .     SeeInvis .   a - +0 falchion
rCold    . . .     Faith    .   (no shield)
rNeg     . . .     Spirit   .   s - +6 scale mail "Rulusur" {Harm +Fly Int+3}
rPois    .         Reflect  .   (helmet restricted)
rElec    .         Harm     +   q - +0 cloak
rCorr    .         Rampage  .   l - +0 pair of gloves
Will     .....                  (no boots)
Stlth    ..........             (no amulet)
HPRegen  0.25/turn              t - +6 ring of strength
MPRegen  0.10/turn              (no ring)

@: berserking, very quick
A: retaliatory headbutt, horns 2
a: Renounce Religion, Evoke Flight, Berserk, Trog's Hand


You were on level 6 of the Dungeon.
You worshipped Trog.
Trog was most pleased with you.
You visited 1 branch of the dungeon, and saw 6 of its levels.

You collected 438 gold pieces.

Inventory:

Hand Weapons
 a - a +0 falchion (weapon)
Missiles
 c - 256 stones
 h - 82 sling bullets
Armour
 g - a +0 chain mail
 l - a +0 pair of gloves (worn)
 o - +0 steam dragon scales
 q - a +0 cloak (worn)
 s - the +6 scale mail "Rulusur" (worn) {Harm +Fly Int+3}
   (You found it on level 5 of the Dungeon)

   It affects your intelligence (+3).
   It lets you fly.
   It increases damage dealt and taken.
Jewellery
 t - a +6 ring of strength (left hand)
Scrolls
 b - 2 scrolls of fog
 e - 5 scrolls of remove curse
 f - 2 scrolls of blinking {unknown}
 j - a scroll of teleportation {unknown}
 k - 3 scrolls of amnesia {unknown}
 m - 3 scrolls of random uselessness {unknown}
 p - 2 scrolls of magic mapping {unknown}
 r - a scroll of enchant weapon {unknown}
 w - a scroll of fear {unknown}
Potions
 d - 2 potions of heal wounds {unknown}
 i - a potion of invisibility {unknown}
 n - a potion of curing {unknown}
 u - a potion of flight {unknown}
 v - 2 potions of lignification {unknown}


   Skills:
 + Level 5.5 Fighting
 + Level 7.4 Long Blades
 + Level 4.4 Armour
 + Level 4.8 Dodging
 - Level 0.4 Stealth


You had 6 spell levels left.
You didn't know any spells.
Your spell library was empty.

Dungeon Overview and Level Annotations

Branches:
Dungeon (6/15)
 Temple: D:4-7

Altars:
Elyvilon
Fedhas
Yredelemnul
Zin


Innate Abilities, Weirdness & Mutations

You reflexively headbutt those who attack you in melee.
You have a pair of horns on your head.


Message History

The orc wizard hits you but does no damage.
The orc wizard casts a spell.
The orc wizard seems to speed up.
The orc wizard hits you but does no damage.
The orc warrior hits you with a +0 glaive!
* * * LOW HITPOINT WARNING * * *
You are too injured to fight recklessly!
Unknown command.
You are too injured to fight recklessly!
Unknown command.
You are too injured to fight recklessly!
Unknown command.
You are too injured to fight recklessly!
You feel a strong urge to attack something.
The orc wizard hits you but does no damage.
The leopard gecko bites you but does no damage.
You slash the orc warrior!
The orc warrior is almost dead.
The orc warrior hits you with a +0 glaive!!
You die...

$$$# #.....##...##
$$$####.........# ###.
#$### #.........+ ...
###.# #.........##.#
._..# ###..........#
....# #......!...##
#'#### #...........#
..##.# ###......o..#
..##'## #.....@o..#
......#####......l..#
......)............o..#
......#####.#......#..#
......'.....########..#
......####### ยงโ‰ˆ.
......#


โ‰ˆโ‰ˆ ......# ......# You could see an orc warrior, 2 orc wizards and a leopard
gecko.

Vanquished Creatures
  Edmund (D:5)
  An ogre (D:5)
  A centaur (D:3)
  A bullfrog (D:5)
  A bullfrog zombie (D:5)
  An orc priest (D:5)
  A bullfrog skeleton (D:5)
  A jelly (D:5)
  2 orc wizards
  3 worker ants
  3 adders (D:2)
  A white imp (D:5)
  An ooze (D:3)
  An adder skeleton (D:5)
  6 worms
  A dart slug (D:4)
  A leopard gecko (D:1)
  5 orcs
  3 ball pythons
  4 giant cockroaches (D:1)
  6 goblins
  5 hobgoblins
  4 jackals (D:3)
  11 kobolds
  9 bats
  7 frilled lizards
  2 gnoll zombies (D:3)
  6 rats
89 creatures vanquished.

Notes
Turn   | Place    | Note
-------+----------+-------------------------------------------
     0 | D:1      | Almogavar the Minotaur Berserker began the quest for the
                  | Orb.
     0 | D:1      | Reached XP level 1. HP: 19/19 MP: 0/0
   159 | D:1      | Reached XP level 2. HP: 25/27 MP: 1/1
   217 | D:1      | Reached skill level 4 in Long Blades
   791 | D:1      | Reached ** piety under Trog
  1063 | D:2      | Reached XP level 3. HP: 31/33 MP: 2/2
  1628 | D:2      | Found a faded altar of an unknown god.
  1667 | D:2      | Reached XP level 4. HP: 35/41 MP: 3/3
  2251 | D:3      | Found a white marble altar of Elyvilon.
  2480 | D:3      | Reached skill level 5 in Long Blades
  2951 | D:3      | Noticed a centaur
  2958 | D:3      | Killed a centaur
  2959 | D:3      | Reached XP level 5. HP: 29/47 MP: 4/4
  3241 | D:3      | Reached *** piety under Trog
  3303 | D:3      | Found a basalt altar of Yredelemnul.
  3622 | D:4      | Found a blossoming altar of Fedhas.
  4149 | D:5      | Entered Level 5 of the Dungeon
  4267 | D:5      | Reached skill level 5 in Fighting
  4267 | D:5      | Reached XP level 6. HP: 56/56 MP: 5/5
  4275 | D:5      | Reached skill level 6 in Long Blades
  4606 | D:5      | Got a steaming scale mail
  4617 | D:5      | Identified the +6 scale mail "Rulusur" {Harm +Fly Int+3}
                  | (You found it on level 5 of the Dungeon)
  4883 | D:5      | Noticed Edmund
  4889 | D:5      | Reached XP level 7. HP: 61/61 MP: 6/6
  4893 | D:5      | Killed Edmund
  4894 | D:5      | Reached skill level 7 in Long Blades
  5416 | D:6      | Found a glowing silver altar of Zin.
  5490 | D:6      | Mangled by an orc warrior

Illustrated notes

Levels and vault maps discovered:
D:1:      dpeg_arrival_prison, layout_basic
D:2:      layout_rooms, chequers_ecumenical_altar_twisty
D:3:      layout_basic, lemuel_zombie_altar_yredelemnul, elyvilon_altar_4
D:4:      layout_basic, fedhas_altar_fruit_tree
D:5:      layout_cave_pods, uniq_edmund
D:6:      layout_basic, zin_treasury, minmay_temple_entry_mist

Skill      XL: |  1  2  3  4  5  6  7 |
---------------+----------------------+-----
Long Blades    | 4 5 6 7 |  7.4
Fighting       | 4 5 |  5.5
Dodging        | 3 4 |  4.8
Armour         | 3 4 |  4.4
Stealth        | |  0.4

Action                   |  1- 3 |  4- 6 |  7- 9 || total
-------------------------+-------+-------+-------++-------
Melee: Falchion          |    85 |   113 |    13 ||   211
       Headbutt          |    10 |    26 |     7 ||    43
Invok: Berserk           |     2 |     3 |     1 ||     6
  Use: Scroll            |     2 |     2 |       ||     4
Armor: Animal skin       |     7 |       |       ||     7
       Ring mail         |     1 |     7 |       ||     8
       Steam dragon scal |       |    27 |       ||    27
       Scale mail        |       |     1 |     6 ||     7
Dodge: Dodged            |    61 |    75 |     2 ||   138
       Rpst.: Falchion   |    10 |    18 |     1 ||    29
